 Dungeon Crawl Stone Soup version 0.18-a0-1468-gaf180a1 (webtiles) character file.

744292 4thArraOfDagon the Brawler (level 27, -8/279 HPs)
             Began as a Troll Fighter on Feb 29, 2016.
             Was the Champion of the Shining One.
             Mangled by a Brimstone Fiend (13 damage)
             ... in Pandemonium on Mar 1, 2016.
             The game lasted 03:50:00 (25781 turns).

4thArraOfDagon the Brawler (Troll Fighter)         Turns: 25781, Time: 03:50:30

Health: -8/279     AC: -4    Str: 34    XL:     27
Magic:  34/34      EV: 20    Int: 15    God:    the Shining One [******]
Gold:   880        SH: 19    Dex: 12    Spells: 10 memorised, 3 levels left

rFire  . . .     SeeInvis .       - Unarmed
rCold  + + .     Gourm    +     R - +2 troll leather armour
rNeg   + + +     Faith    .     b - +5 shield
rPois  .         Spirit   .     (helmet restricted)
rElec  +         Dismiss  .     V - +2 cloak of Starlight {rElec rC+ EV+4 Stlth--}
rCorr  .         Reflect  .     (gloves unavailable)
SustAt .         Harm     .     (boots unavailable)
MR     ++...                    L - amulet "Cetekane" {*Corrode rC+ rN++ Regen+ Str+2}
Stlth  ..........               I - ring "Gyesug" {Dex+4 Slay+5}
                                A - ring "Deapris" {Wiz *Corrode +Inv Dex-3 Slay+6}

@: about to teleport, corroded equipment, very slightly contaminated, glowing,
very resistant to hostile enchantments, extremely unstealthy
A: unfitting armour, claws 3, horns 1, agile 1, blurry vision 1, clever 1,
deformed body, fast metabolism 3, gourmand, regeneration 2, screaming 1, shaggy
fur 1, tough skin 2
a: Divine Shield, Cleansing Flame, Summon Divine Warrior, Brand Weapon With Holy
Wrath, Renounce Religion, Evoke Invisibility
}: 8/15 runes: barnacled, slimy, silver, golden, abyssal, fiery, dark, gossamer


You were in Pandemonium.
You worshipped the Shining One.
The Shining One was exalted by your worship.
You were not hungry.

You visited 11 branches of the dungeon, and saw 56 of its levels.
You visited Pandemonium 1 time, and saw 14 of its levels.
You visited the Abyss 1 time.
You visited 2 bazaars.
You visited 1 ziggurat, and saw 8 of its levels.
You also visited: Labyrinth, Ossuary, Ice Cave and Volcano.

You collected 3370 gold pieces.
You spent 2488 gold pieces at shops.

Inventory:

Missiles
 n - 57 large rocks (quivered)
Armour
 b - a +5 shield (worn)
 R - a +2 troll leather armour (worn)
 V - the +2 cloak of Starlight (worn) {rElec rC+ EV+4 Stlth--}
   (You acquired it in a labyrinth)

   It affects your evasion (+4).
   It protects you from cold.
   It insulates you from electricity.
   It makes you much less stealthy.
Rods
 a - a +5 rod of inaccuracy (14/14)
   (You found it on level 6 of the Pits of Slime)
 Y - a +5 lightning rod (12/12)
   (You took it off a minotaur in a labyrinth)
Jewellery
 c - the ring "Gefu" {rF+ Str-5 Int+9 Stlth-}
   (You bought it in a shop in a bazaar)

   [ring of loudness]

   It affects your strength (-5).
   It affects your intelligence (+9).
   It protects you from fire.
   It makes you less stealthy.
 j - the ring of the Mage {Wiz MR++ Int+3}
   (You found it on level 6 of the Pits of Slime)

   [ring of wizardry]

   It improves your spell success rate.
   It affects your intelligence (+3).
   It affects your resistance to hostile enchantments.
 s - the ring "Zibacix" {rCorr Str+2}
   (You took it off a frost giant on level 5 of the Vaults)

   [ring of resist corrosion]

   It affects your strength (+2).
 A - the ring "Deapris" (left claw) {Wiz *Corrode +Inv Dex-3 Slay+6}
   (You found it on level 5 of the Vaults)

   [ring of wizardry]

   It improves your spell success rate.
   It affects your dexterity (-3).
   It affects your accuracy and damage with ranged weapons and melee attacks
   (+6).
   It lets you turn invisible.
   It may corrode your equipment when you take damage.
 I - the ring "Gyesug" (right claw) {Dex+4 Slay+5}
   (You found it on level 6 of the Pits of Slime)

   [ring of dexterity]

   It affects your dexterity (+4).
   It affects your accuracy and damage with ranged weapons and melee attacks
   (+5).
 L - the amulet "Cetekane" (around neck) {*Corrode rC+ rN++ Regen+ Str+2}
   (You took it off a deep elf mage on level 3 of the Elven Halls)

   [amulet of regeneration]

   It affects your strength (+2).
   It protects you from cold.
   It greatly protects you from negative energy.
   It increases your rate of regeneration.
   It may corrode your equipment when you take damage.
 P - the ring of the Commoners {SustAt Fragile Int+9}
   (You found it on level 2 of the Abyss)

   [ring of sustain attributes]

   It sustains your strength, intelligence and dexterity.
   It affects your intelligence (+9).
   It will be destroyed if unequipped.
 T - the ring "Biz Kust" {rElec rF+ Str+2 Stlth+}
   (You found it on level 3 of the Tomb of the Ancients)

   [ring of strength]

   It affects your strength (+2).
   It protects you from fire.
   It insulates you from electricity.
   It makes you more stealthy.
 U - the ring "Edelaoju" {rC+ Str+5}
   (You found it in an ice cave)

   [ring of protection from cold]

   It affects your strength (+5).
   It protects you from cold.
Wands
 k - a wand of disintegration (9/24)
 v - a wand of teleportation (6/9)
 x - a wand of disintegration (9/24)
 y - a wand of digging (0/24)
 N - a wand of acid (10/15)
Scrolls
 g - 3 scrolls of fear
 h - 3 scrolls of identify
 l - 2 scrolls of fog
 m - 9 scrolls of remove curse
 K - 2 scrolls of summoning
 M - 5 scrolls of blinking
 W - a scroll of recharging
Potions
 e - 5 potions of brilliance
 f - 8 potions of curing
 i - 5 potions of ambrosia
 o - 5 potions of agility
 q - 2 potions of magic
 r - 5 potions of heal wounds
 u - 3 potions of cure mutation
 D - 3 potions of might
 F - 3 potions of resistance
 G - 2 potions of cancellation
 Q - a potion of haste
 S - 5 potions of flight
 Z - 2 potions of berserk rage
Miscellaneous
 p - a box of beasts
 t - a phial of floods
 z - an ornate deck of wonders {Dowsing, drawn: 1}
 B - an ornate deck of summoning {the Crusade, drawn: 1}
 C - an ornate deck of summoning {the Dance}
 E - a lamp of fire
 H - a box of beasts {used: 3}
 J - a fan of gales
 O - a plain deck of defence {the Blade, drawn: 5}
Comestibles
 d - 19 bread rations
 w - 18 meat rations


   Skills:
 + Level 17.6 Fighting
 - Level 7.7 Armour
 - Level 14.2 Dodging
 - Level 15.0 Shields
 - Level 19.1 Unarmed Combat
 + Level 7.1 Spellcasting
 - Level 10.0 Conjurations
 * Level 11.6 Translocations
 - Level 9.9 Transmutations
 - Level 11.4 Earth Magic
 + Level 16.1 Invocations
 - Level 7.1 Evocations


You had 3 spell levels left.
You knew the following spells:

 Your Spells              Type           Power        Failure   Level  Hunger
a - Statue Form           Trmt/Erth      #####....    14%         6    #######
b - Iron Shot             Conj/Erth      #####.....   12%         6    #######
c - Passwall              Trmt/Erth      #####.....   1%          2    None
d - Swiftness             Chrm/Air       #.......     10%         2    None
e - Controlled Blink      Tloc           N/A          100%        8    #######
f - Summon Lightning Spi  Summ/Air       #.......     77%         4    ####...
g - Blink                 Tloc           N/A          1%          2    None
h - Repel Missiles        Chrm/Air       #.....       10%         2    None
i - Apportation           Tloc           #####.....   1%          1    None
j - Passage of Golubria   Tloc           N/A          1%          4    ####...


Dungeon Overview and Level Annotations

Branches:
Dungeon (15/15)            Temple (0/1) D:7            Lair (8/8) D:10
 Shoals (4/4) Lair:6       Spider (4/4) Lair:6        Slime (6/6) Lair:8
    Orc (2/2) D:9             Elf (3/3) Orc:2        Vaults (5/5) D:13
  Crypt (3/3) Vaults:2       Tomb (3/3) Crypt:3      Depths (3/5) D:15

Altars:
Cheibriados
Gozag
Kikubaaqudgha
Pakellas
Ru
Sif Muna
Trog
Yredelemnul
Zin
The Shining One
Jiyva

Shops:
D:4 [   D:6 }   D:8 *   D:10 [   D:11 *   Orc:2 ?*[:   Elf:1 [   Vaults:3 (
Vaults:5 :

Portals:
Pandemonium: Depths:3

Annotations:
D:8 1 runed door
D:9 Prince Ribbit
Lair:8 exclusion: upstairs
Shoals:4 exclusion: Roxanne, Roxanne
Pan Cerebov


Innate Abilities, Weirdness & Mutations

You are too large for most types of armour.
You have claws for hands.
Your metabolism is lightning-fast.
You like to eat raw meat.
You heal very quickly.
You are covered in fur (AC +1).
You have very tough skin (AC +2).
You have a pair of small horns on your head.
You are agile. (Dex +2)
Scrolls take you a little longer to read.
Your mind is acute. (Int +2)
Armour fits poorly on your strangely shaped body.
You occasionally shout uncontrollably at your foes.


Message History

Okay, then.
Drink which item? (? for menu, Esc to quit)
You feel much better. The balrug gestures at you. The bolt of fire hits you!
The Shining One protects you from harm! The Brimstone Fiend hits you.
* * * LOW HITPOINT WARNING * * *
Your corrosive artefact corrodes you!
You block the Brimstone Fiend's attack. The Brimstone Fiend hits you.
* * * LOW HITPOINT WARNING * * *
Unknown command.
Drink which item? (? for menu, Esc to quit)
You feel much better. The balrug hits you with a demon whip!
* * * LOW HITPOINT WARNING * * *
You are engulfed in flames!!
* * * LOW HITPOINT WARNING * * *
The Brimstone Fiend barely misses you. You block the Brimstone Fiend's attack.
The Brimstone Fiend hits you!
You die...

.##...##...#
..2........#
..2........#
...........#
.......2...###
..#..&#......#
..
##.##&...###
....###22...#
#...1@#####
###.### #


You could see Cerebov, a Brimstone Fiend and 3 balrugs.

Vanquished Creatures
  the Royal Jelly (Slime:6)
  Dissolution (Slime:1)
  Gloorx Vloq (Pan)
  2 pandemonium lords (Pan)
  Mennas (Tomb:2)
  Mara (Tomb:2)
  10 greater mummies
  4 ancient liches
  Frederick (Tomb:2)
  Norris (Elf:3)
  2 golden dragons
  Nikola (Spider:4)
  5 bone dragons
  2 profane servitors
  A Brimstone Fiend (Pan)
  3 liches
  3 hellephants
  A Hell Sentinel (Pan)
  3 Ice Fiends (Pan)
  2 tentacled monstrosities (Vaults:5)
  2 quicksilver dragons (Vaults:5)
  Asterion (Spider:4)
  2 deep elf master archers (Elf:3)
  12 acid blobs
  4 titans (Vaults:5)
  2 deep elf blademasters (Elf:3)
  14 Executioners
  3 sphinxes
  3 ancient champions
  19 tentacled starspawn
  Agnes (Spider:4)
  4 tengu reavers (Vaults:5)
  Kirke (D:15)
  3 shadow dragons (Vaults:5)
  6 azure jellies
  A fire giant (Vaults:5)
  4 frost giants
  4 revenants
  5 daevas
  Ilsuiw (Shoals:3)
  12 deep elf sorcerers
  5 cacodemons
  11 vault wardens
  4 ghost moths
  7 balrugs
  7 emperor scorpions (Spider:4)
  Aizul (Shoals:2)
  3 warmongers (Pan)
  5 ghouls
  2 angels
  7 reapers
  3 deep elf elementalists
  2 curse skulls (Pan)
  9 ironheart preservers
  2 war gargoyles (Vaults:5)
  10 very ugly things
  13 stone giants
  A vampire knight (Crypt:1)
  A salamander stormcaller (Vaults:5)
  2 lorocyprocas (Pan)
  2 blood saints (Pan)
  A corrupter (Pan)
  2 chaos champions (Pan)
  A red draconian (Abyss:5)
  Nessos (D:12)
  6 deep elf demonologists
  4 deep elf annihilators
  4 bennus
  A purple draconian (Abyss:5)
  A spark wasp (Spider:4)
  A yellow draconian (Abyss:5)
  3 blizzard demons
  2 black suns (Pan)
  9 deep elf death magi
  12 ettins
  6 merfolk impalers
  4 deep elf high priests
  3 merfolk javelineers (Shoals:4)
  A minotaur (Lab)
  24 mummy priests
  34 vault guards
  A minotaur (shapeshifter) (Vaults:5)
  2 green deaths
  2 fire dragons (Depths:1)
  4 entropy weavers
  A death ooze (Slime:6)
  A crystal guardian (Vaults:5)
  8 yaktaur captains
  7 great orbs of eyes
  6 jiangshi
  2 ice dragons (IceCv)
  3 hell beasts (Pan)
  6 rakshasas
  5 hydras
  Erolcha (D:9)
  5 monstrous demonspawn
  A ghost crab (Zig:2)
  A quicksilver dragon skeleton (Tomb:2)
  A merfolk avatar (Shoals:3)
  5 death knights
  5 ogre magi
  An alligator snapping turtle (Shoals:4)
  3 satyrs
  6 merfolk aquamancers (Shoals:4)
  12 dancing weapons
  4 death yaks (Lair:5)
  2 tengu warriors (Depths:1)
  3 deep troll earth magi (Depths:1)
  A deep troll shaman (Depths:3)
  17 sun demons
  5 vampire magi
  34 thrashing horrors
  3 orc high priests (Orc:2)
  A hell hog (shapeshifter) (Zig:6)
  8 spriggans (Lair:8)
  A titan zombie (Abyss:4)
  A queen ant (Spider:4)
  2 hell hogs (Abyss:4)
  8 soul eaters
  Sonja (Orc:2)
  2 fire crabs
  11 deep elf knights
  15 death scarabs (Tomb:2)
  18 wretched stars
  38 large abominations
  A fire crab (shapeshifter) (Abyss:4)
  A salamander mystic (Vaults:5)
  14 skeletal warriors
  3 iron trolls (Depths:3)
  6 shadow wraiths
  A sea snake (shapeshifter) (Elf:3)
  A deep troll (shapeshifter) (Zig:7)
  5 spatial maelstroms
  2 infernal demonspawn (Pan)
  A quicksilver dragon simulacrum (Tomb:3)
  3 giant orange brains
  7 deep trolls
  3 cherubim (Pan)
  6 unseen horrors
  3 flayed ghosts
  9 sea snakes
  8 deep elf archers
  3 gelid demonspawn (Pan)
  A golden dragon skeleton (Pan)
  3 shadow demons
  10 ironbrand convokers
  3 torturous demonspawn (Pan)
  5 hill giants
  12 orb spiders
  4 phantasmal warriors
  15 harpies
  2 wizards (D:15)
  3 putrid demonspawn
  A wolf spider (shapeshifter) (Zig:7)
  An iron dragon zombie (Zig:4)
  A necromancer (Vaults:3)
  8 orc knights
  5 griffons
  3 oklob plants (D:9)
  14 ugly things
  46 deep elf magi
  7 hornets
  A cyclops (Vaults:1)
  4 shining eyes
  18 anubis guards
  3 salamanders (Vaults:5)
  A shadow dragon skeleton (Pan)
  6 orc sorcerers (Orc:2)
  A wolf spider zombie (D:13)
  13 wolf spiders
  A frost giant zombie (Abyss:4)
  9 manticores
  10 water nymphs
  5 sixfirhies
  2 moths of wrath (shapeshifter)
  8 fauns (Shoals:3)
  6 elephants (Lair:7)
  13 sirens
  3 rust devils
  7 worldbinders
  5 black mambas
  2 centaur zombies
  A frost giant skeleton (Vaults:3)
  A stone giant skeleton (Crypt:1)
  A molten gargoyle (Volcano)
  A torpor snail (Spider:4)
  A fire giant skeleton (Tomb:1)
  A guardian serpent (shapeshifter) (Zig:7)
  14 vault sentinels
  A spriggan zombie (Zig:4)
  19 smoke demons
  2 ice statues (IceCv)
  2 eyes of devastation (Slime:5)
  An apocalypse crab (Abyss:5)
  10 orange demons
  3 hellions
  A gargoyle (Volcano)
  16 spiny frogs
  2 rime drakes (Lair:6)
  12 freezing wraiths
  9 komodo dragons
  17 yaktaurs
  A kobold demonologist (D:9)
  4 efreet
  12 red devils
  11 demonic crawlers
  A golden dragon simulacrum (Abyss:5)
  A green draconian zombie (Crypt:1)
  6 hellwings
  A ghost moth simulacrum (Abyss:5)
  46 guardian mummies
  11 polar bears
  4 ice devils
  2 tormentors
  A troll (shapeshifter) (Abyss:4)
  A spriggan druid (Lair:8)
  26 ancient zymes
  7 trolls
  A tengu conjurer (Depths:1)
  20 jumping spiders
  4 wind drakes
  14 two-headed ogres
  20 merfolk
  A hydra skeleton (Pan)
  A polar bear (shapeshifter) (Vaults:4)
  43 slime creatures
  6 snapping turtles
  10 ushabtiu (Tomb:2)
  23 blink frogs
  41 raiju
  4 boulder beetles
  A frost giant simulacrum (Vaults:2)
  A flying skull (Zig:8)
  2 shadows
  A hog (shapeshifter) (Depths:1)
  12 ynoxinuls
  18 tarantellas
  5 wraiths
  67 redbacks
  5 air elementals
  5 basilisks
  15 water elementals
  36 yaks
  2 vampires (Abyss:5)
  5 fire elementals
  2 yaks (shapeshifter)
  13 fire bats
  11 hippogriffs
  11 chaos spawn
  22 small abominations
  3 vampire mosquitoes (D:13)
  A golden eye (shapeshifter) (Vaults:3)
  A hippogriff (shapeshifter) (Vaults:1)
  6 hungry ghosts (Lab)
  4 golden eyes
  A human simulacrum (Vaults:3)
  12 neqoxecs
  17 wolves
  A warg (shapeshifter) (Vaults:5)
  A mottled dragon (D:13)
  2 wargs (Orc:2)
  4 spatial vortices
  12 water moccasins
  25 soldier ants (Spider:4)
  An insubstantial wisp (Zig:2)
  A swamp worm (shapeshifter) (Vaults:5)
  14 hell hounds
  21 orc warriors
  4 porcupines
  7 eyes of draining
  16 ice beasts
  A human zombie (Vaults:3)
  5 wasps
  11 black bears
  2 necrophages
  A phantom (D:9)
  9 centaurs
  18 ogres
  A blink frog skeleton (Crypt:2)
  17 crocodiles
  6 big kobolds
  12 giant frogs
  3 earth elementals
  A human skeleton (Vaults:3)
  A wyvern skeleton (D:12)
  A scorpion (D:6)
  5 wights (Crypt:1)
  2 electric eels (Spider:4)
  2 vampire bats (Lair:6)
  7 bog bodies (Ossuary)
  4 howler monkeys
  A crimson imp (D:8)
  5 lava snakes
  2 giant frog zombies (Ossuary)
  55 starcursed masses
  3 quasits
  A centaur skeleton (D:4)
  A giant frog skeleton (D:9)
  25 jellies
  9 orc priests
  2 hounds
  An iron imp (D:8)
  19 orc wizards
  7 iguanas
  A porcupine skeleton (Crypt:2)
  23 worker ants (Spider:4)
  2 killer bee zombies (Ossuary)
  23 sheep
  2 hound zombies (Ossuary)
  A hound skeleton (D:7)
  50 mummies
  A howler monkey zombie (Ossuary)
  5 worker ant zombies
  7 gnolls (D:6)
  41 river rats
  6 adders
  2 shadow imps
  3 white imps
  A giant eyeball (Abyss:5)
  2 oozes (D:5)
  An adder skeleton (D:7)
  2 adder zombies (Ossuary)
  A halfling skeleton (Crypt:3)
  4 giant geckos
  49 orcs
  12 bats
  2 giant cockroaches
  A hobgoblin (D:2)
  10 kobolds
  2 quokkas
  A ball python (D:2)
  A giant gecko zombie (Ossuary)
  3 giant newts
  A goblin zombie (D:4)
  An orc zombie (D:4)
  A quokka zombie (Ossuary)
  13 rats
  5 crawling corpses
  3 plants
  12 starspawn tentacles
2331 creatures vanquished.

Vanquished Creatures (collateral kills)
  2 acid blobs (Slime:6)
  An azure jelly (Slime:6)
  2 death oozes (Slime:6)
  A slime creature (Slime:6)
  A hydra (Lair:8)
  4 yaks (Lair:8)
  A crocodile (Lair:8)
  A jelly (Slime:6)
  6 sheep (Lair:8)
  3 river rats (Lair:8)
22 creatures vanquished.

Vanquished Creatures (others)
  A titan (Vaults:5)
  A war gargoyle (Zig:6)
  A merfolk impaler (Shoals:4)
  A quicksilver dragon skeleton (Tomb:2)
  A skeletal warrior (Tomb:1)
  29 death scarabs (Tomb:2)
  2 anubis guards (Tomb:2)
  An orc knight (Vaults:5)
  A wolf spider (Spider:4)
  A yaktaur (Vaults:5)
  A redback (Spider:3)
  An insubstantial wisp (Zig:5)
  A small abomination (Abyss:2)
  A starcursed mass (Abyss:5)
  An orc priest (Orc:2)
  2 mummies
  3 demonic plants (Abyss:5)
  30 eldritch tentacle segments (Pan)
  A fire vortex (Lair:8)
  24 fungi
  6 plants
  34 starspawn tentacles
  444 starspawn tentacle segments
  9 toadstools (Lair:7)
  3 withered plants (Ossuary)
600 creatures vanquished.

Grand Total: 2953 creatures vanquished

Notes
Turn   | Place    | Note
--------------------------------------------------------------
     0 | D:1      | 4thArraOfDagon the Troll Fighter began the quest for the Orb.
     0 | D:1      | Reached XP level 1. HP: 22/22 MP: 0/0
    15 | D:2      | Found a bloodstained altar of Trog.
    42 | D:2      | Found an oddly glowing altar of Pakellas.
   140 | D:4      | Found an opulent altar of Gozag.
   213 | D:5      | Entered Level 5 of the Dungeon
   221 | D:5      | Found a glowing golden altar of the Shining One.
   256 | D:5      | Became a worshipper of the Shining One
   327 | D:4      | Found Lynt's Antique Armour Emporium.
   349 | D:4      | Reached XP level 2. HP: 26/29 MP: 1/1
   377 | D:4      | Found a sand-covered staircase.
   417 | D:4      | Reached XP level 3. HP: 24/36 MP: 2/2
   423 | Ossuary  | Entered an ossuary
   424 | Ossuary  | Noticed a decayed bog body
   432 | Ossuary  | Killed a decayed bog body
   432 | Ossuary  | Reached skill level 1 in Armour
   432 | Ossuary  | Reached skill level 3 in Unarmed Combat
   435 | Ossuary  | Reached XP level 4. HP: 39/44 MP: 3/3
   448 | Ossuary  | Noticed a decayed bog body
   448 | Ossuary  | Reached * piety under the Shining One
   449 | Ossuary  | Killed a decayed bog body
   449 | Ossuary  | Reached XP level 5. HP: 50/50 MP: 4/4
   462 | Ossuary  | Reached skill level 4 in Unarmed Combat
   466 | Ossuary  | Reached skill level 1 in Invocations
   483 | Ossuary  | Reached XP level 6. HP: 16/59 MP: 5/5
   516 | Ossuary  | Reached ** piety under the Shining One
   576 | Ossuary  | Reached skill level 5 in Unarmed Combat
   642 | Ossuary  | Reached XP level 7. HP: 66/66 MP: 7/7
   796 | D:4      | Reached *** piety under the Shining One
  1275 | D:6      | Found a deep blue altar of Sif Muna.
  1275 | D:6      | Found an oddly glowing altar of Pakellas.
  1457 | D:6      | Found Ufauhog's Gadget Emporium.
  1572 | D:7      | Found a staircase to the Ecumenical Temple.
  1607 | D:7      | Reached XP level 8. HP: 68/74 MP: 8/8
  1663 | D:7      | Reached skill level 6 in Unarmed Combat
  1823 | D:7      | Found a sacrificial altar of Ru.
  2154 | D:8      | Reached skill level 7 in Unarmed Combat
  2154 | D:8      | Reached XP level 9. HP: 15/83 MP: 8/10
  2233 | D:8      | Noticed a three-headed hydra
  2238 | D:8      | Killed a one-headed hydra
  2279 | D:8      | Found a glowing silver altar of Zin.
  2279 | D:8      | Noticed an angel
  2280 | D:8      | Found a runed door.
  2320 | D:8      | Reached skill level 5 in Shields
  2320 | D:8      | Reached skill level 8 in Unarmed Combat
  2455 | D:8      | Reached skill level 5 in Dodging
  2541 | D:8      | Found Caug's General Store.
  2551 | D:8      | Bought a scroll of identify for 24 gold pieces
  2551 | D:8      | Bought a potion of curing for 36 gold pieces
  2551 | D:8      | Bought a scroll of remove curse for 36 gold pieces
  2551 | D:8      | Bought a scroll of immolation for 42 gold pieces
  2571 | D:8      | Reached **** piety under the Shining One
  2624 | D:8      | Found a snail-covered altar of Cheibriados.
  2707 | D:9      | Noticed Erolcha
  2744 | D:9      | kroki: just beat my realtime, new at 1:21h :)
  2774 | D:9      | 4thArraOfDagon: w00t
  2812 | D:9      | Found a staircase to the Orcish Mines.
  2825 | D:9      | kroki: yeah, trying to win all minos
  2867 | D:9      | Noticed a kobold demonologist
  2895 | D:9      | Reached XP level 10. HP: 91/94 MP: 12/12
  2942 | D:9      | Noticed an oklob plant
  2943 | D:9      | Noticed an oklob plant
  2945 | D:9      | Noticed an oklob plant
  2960 | D:9      | Reached skill level 5 in Armour
  3022 | D:9      | Killed an oklob plant
  3031 | D:9      | Killed an oklob plant
  3031 | D:9      | Reached skill level 9 in Unarmed Combat
  3031 | D:9      | Reached skill level 5 in Invocations
  3092 | D:9      | Killed an oklob plant
  3151 | D:9      | Noticed Prince Ribbit
  3218 | D:10     | Entered Level 10 of the Dungeon
  3240 | D:10     | 4thArraOfDagon: ill try to hit 30k with this
  3299 | D:10     | Found a staircase to the Lair.
  3360 | D:10     | Reached skill level 5 in Fighting
  3463 | Orc:1    | Entered Level 1 of the Orcish Mines
  3497 | Orc:2    | Entered Level 2 of the Orcish Mines
  3521 | Orc:2    | kroki: you dont id all scrolls?
  3617 | Orc:2    | Noticed an orc sorcerer
  3637 | Orc:2    | Killed an orc sorcerer
  3660 | Orc:2    | Noticed an orc knight
  3678 | Orc:2    | Killed an orc knight
  3689 | Orc:2    | Reached XP level 11. HP: 84/104 MP: 14/14
  3735 | Orc:2    | Noticed Sonja
  3762 | Orc:2    | Killed Sonja
  3762 | Orc:2    | Reached skill level 10 in Unarmed Combat
  3808 | Orc:2    | 4thArraOfDagon: didn't id mapping yet
  3808 | Orc:2    | kroki: what is logic behind bread swinging anyway
  3808 | Orc:2    | kroki: does it heal you faster
  3808 | Orc:2    | kroki: than 5'ing?
  3808 | Orc:2    | 4thArraOfDagon: yea this
  3808 | Orc:2    | 4thArraOfDagon: time flows faster
  3850 | Orc:2    | 4thArraOfDagon: regen is based on ingame turns
  3850 | Orc:2    | 4thArraOfDagon: not actuall turns you make by pushing same buttons
  3855 | Orc:2    | Found a staircase to the Elven Halls.
  3862 | Orc:2    | Noticed an orc sorcerer
  3871 | Orc:2    | Killed an orc sorcerer
  3878 | Orc:2    | kroki: mhm got it
  3913 | Orc:2    | Was placed under penance by the Shining One
  3944 | Orc:2    | kroki: why did you pick le glowing light guy
  3960 | Orc:2    | kroki: challenge?
  4068 | Orc:2    | Noticed an orc high priest
  4100 | Orc:2    | Killed an orc high priest
  4107 | Orc:2    | Noticed an orc high priest
  4107 | Orc:2    | Was forgiven by the Shining One
  4113 | Orc:2    | 4thArraOfDagon: early tso is not that bad
  4152 | Orc:2    | 4thArraOfDagon: besides i don't like 'obvious choices'
  4177 | Orc:2    | Killed an orc high priest
  4212 | Orc:2    | Noticed an orc knight
  4238 | Orc:2    | Killed an orc knight
  4239 | Orc:2    | kroki: i dont like meme gods too
  4253 | Orc:2    | kroki: especially le tower defense fungi
  4271 | Orc:2    | Noticed an orc sorcerer
  4295 | Orc:2    | Killed an orc sorcerer
  4319 | Orc:2    | Noticed an orc sorcerer
  4344 | Orc:2    | Killed an orc sorcerer
  4358 | Orc:2    | Noticed an orc knight
  4381 | Orc:2    | Killed an orc knight
  4390 | Orc:2    | 4thArraOfDagon: do you like god tiers?
  4402 | Orc:2    | Noticed an orc knight
  4430 | Orc:2    | Killed an orc knight
  4430 | Orc:2    | Reached skill level 11 in Unarmed Combat
  4502 | Orc:2    | Noticed an orc sorcerer
  4508 | Orc:2    | Killed an orc sorcerer
  4513 | Orc:2    | Noticed an orc knight
  4523 | Orc:2    | Killed an orc knight
  4568 | Orc:2    | Noticed an orc high priest
  4571 | Orc:2    | Noticed an orc sorcerer
  4609 | Orc:2    | Killed an orc sorcerer
  4619 | Orc:2    | Killed an orc high priest
  4619 | Orc:2    | Reached XP level 12. HP: 114/114 MP: 16/16
  4660 | Orc:2    | Found Revufoz's Book Shoppe.
  4660 | Orc:2    | Found Faschiuk's Magic Scroll Shoppe.
  4661 | Orc:2    | Found Myoffeck's Armour Boutique.
  4666 | Orc:2    | Found Semiull's General Store.
  4692 | Orc:2    | Bought a scroll of magic mapping for 59 gold pieces
  4692 | Orc:2    | Bought a scroll of teleportation for 51 gold pieces
  4692 | Orc:2    | Bought a scroll of teleportation for 51 gold pieces
  4692 | Orc:2    | Bought a scroll of blinking for 127 gold pieces
  4829 | Orc:2    | Bought a potion of heal wounds for 70 gold pieces
  5197 | Lair:1   | Entered Level 1 of the Lair of Beasts
  5519 | Lair:1   | Reached skill level 12 in Unarmed Combat
  5635 | Lair:2   | RAGE?
  5810 | Lair:3   | Found a frozen archway.
  5818 | IceCv    | Entered an ice cave
  6100 | IceCv    | Noticed an ice dragon
  6100 | IceCv    | Noticed an ice dragon
  6150 | IceCv    | Killed an ice dragon
  6219 | IceCv    | Killed an ice dragon
  6219 | IceCv    | Reached XP level 13. HP: 116/124 MP: 14/17
  6284 | IceCv    | Got a brightly glowing gossamer ring
  6299 | IceCv    | Identified the ring "Edelaoju" {rC+ Str+5} (You found it in an ice cave)
  6314 | IceCv    | Got an ancient graven amulet
  6315 | IceCv    | Identified the amulet "Natawos" {RegenMP MR+} (You found it in an ice cave)
  6692 | Lair:5   | Found a labyrinth entrance.
  6700 | Lab      | Entered a labyrinth
  6713 | Lab      | Identified a scroll of acquirement
  7017 | Lab      | kroki: there are only 3
  7029 | Lab      | kroki: trog tier makhleb tier and everything else
  7082 | Lab      | Noticed a minotaur
  7093 | Lab      | Killed a minotaur
  7120 | Lab      | Identified a +4 rod of ignition (10/10) (You found it in a labyrinth)
  7128 | Lab      | Learned a level 6 spell: Statue Form
  7135 | Lab      | Learned a level 6 spell: Iron Shot
  7138 | Lab      | Identified the Volume of the Pure Gods (You found it in a labyrinth)
  7150 | Lab      | Got a twisted hand axe
  7151 | Lab      | Identified the +5 hand axe "Simom" {antimagic, rElec MR++} (You found it in a labyrinth)
  7270 | Lair:5   | Reached skill level 1 in Earth Magic
  7309 | Lair:5   | Reached skill level 13 in Unarmed Combat
  7317 | Lair:5   | Reached skill level 1 in Spellcasting
  7446 | Lair:5   | Reached ***** piety under the Shining One
  7462 | Lair:5   | Reached skill level 1 in Transmutations
  7735 | Lair:6   | Found a dark tunnel.
  7744 | Volcano  | Entered a volcano
  7980 | Lair:6   | Found a staircase to the Shoals.
  8403 | Lair:8   | Entered Level 8 of the Lair of Beasts
  8612 | Lair:8   | Reached XP level 14. HP: 61/136 MP: 19/19
  8664 | Lair:8   | 4thArraOfDagon: wow new vault
  8671 | Lair:8   | Reached skill level 5 in Earth Magic
  8698 | Lair:8   | 4thArraOfDagon: or not
  8777 | Lair:8   | Learned a level 2 spell: Passwall
  8780 | Lair:8   | Learned a level 2 spell: Swiftness
  9131 | Lair:8   | Reached skill level 5 in Transmutations
  9254 | Lair:8   | Found a staircase to the Slime Pits.
  9406 | Lair:8   | Upgraded the game from 0.18-a0-1443-ge8f1551 to 0.18-a0-1468-gaf180a1
  9883 | Elf:1    | Entered Level 1 of the Elven Halls
 10097 | Elf:1    | Found Muzxinn's Antique Armour Shoppe.
 10107 | Elf:1    | Bought a jewelled cloak for 266 gold pieces
 10117 | Elf:1    | Identified the +0 cloak of Card Tricks {rPois rN+ Slay-6} (You bought it in a shop on level 1 of the Elven Halls)
 10409 | Elf:2    | Noticed a deep elf elementalist
 10416 | Elf:2    | Killed a deep elf elementalist
 10416 | Elf:2    | Reached XP level 15. HP: 119/143 MP: 20/20
 10437 | Elf:2    | Found a flickering gateway to a bazaar.
 10446 | Bazaar   | Entered a bazaar
 10450 | Bazaar   | Found Xounuoz's Jewellery Boutique.
 10468 | Bazaar   | Found Eqybre's Antique Armour Shoppe.
 10486 | Bazaar   | Found Eshreh's Distillery.
 10503 | Bazaar   | Found Kongaoqe's Antique Weapon Emporium.
 10523 | Bazaar   | Bought a potion of degeneration for 13 gold pieces
 10523 | Bazaar   | Bought a potion of flight for 39 gold pieces
 10523 | Bazaar   | Bought a potion of might for 52 gold pieces
 10523 | Bazaar   | Bought a potion of brilliance for 52 gold pieces
 10523 | Bazaar   | Bought a potion of might for 52 gold pieces
 10523 | Bazaar   | Bought a potion of flight for 39 gold pieces
 10523 | Bazaar   | Bought a potion of brilliance for 52 gold pieces
 10523 | Bazaar   | Bought a potion of curing for 39 gold pieces
 10523 | Bazaar   | Bought 2 potions of curing for 78 gold pieces
 10523 | Bazaar   | Bought a potion of curing for 39 gold pieces
 10523 | Bazaar   | Bought a potion of lignification for 39 gold pieces
 10544 | Bazaar   | Bought the ring "Gefu" {rF+ Str-5 Int+9 Stlth-} for 239 gold pieces
 10668 | Elf:3    | Entered Level 3 of the Elven Halls
 10721 | Elf:3    | Reached skill level 10 in Shields
 11077 | Elf:3    | Noticed Norris
 11219 | Elf:3    | Turgon: Hi - early TSO, that's a bit surprising
 11221 | Elf:3    | Turgon: I guess it was a very early altar then?
 11254 | Elf:2    | 4thArraOfDagon: yea
 11314 | Elf:2    | Turgon: Mhmm - dislike
 11344 | Elf:2    | Turgon: No regen spell (which is better than troll regen)
 11449 | Elf:3    | Found an ancient bone altar of Kikubaaqudgha.
 11490 | Elf:3    | Found a deep blue altar of Sif Muna.
 11524 | Elf:3    | Killed Norris
 11528 | Elf:3    | Gained mutation: You occasionally shout uncontrollably at your foes. [mutagenic glow]
 11550 | Elf:3    | Gained mutation: You have a pair of small horns on your head. [mutagenic glow]
 11578 | Elf:3    | Turgon: Troll with horns :-)
 11634 | Elf:3    | Noticed a deep elf sorcerer
 11643 | Elf:3    | Killed a deep elf sorcerer
 11665 | Elf:3    | 4thArraOfDagon: horny troll^_^
 11693 | Elf:3    | Got an ancient zirconium amulet
 11696 | Elf:3    | Identified the amulet "Cetekane" {*Corrode rC+ rN++ Regen+ Str+2} (You took it off a deep elf mage on level 3 of the Elven Halls)
 11731 | Elf:3    | Noticed a deep elf sorcerer
 11748 | Elf:3    | Killed a deep elf sorcerer
 11763 | Elf:3    | Noticed a deep elf sorcerer
 11767 | Elf:3    | Killed a deep elf sorcerer
 11812 | Elf:3    | Reached skill level 10 in Earth Magic
 11844 | Elf:3    | Noticed a deep elf blademaster
 11850 | Elf:3    | Killed a deep elf blademaster
 11852 | Elf:3    | Noticed a deep elf sorcerer
 11852 | Elf:3    | Reached ****** piety under the Shining One
 11852 | Elf:3    | Noticed a deep elf sorcerer
 11853 | Elf:3    | Noticed a deep elf master archer
 11866 | Elf:3    | Killed a deep elf master archer
 11868 | Elf:3    | Killed a deep elf sorcerer
 11868 | Elf:3    | Reached XP level 16. HP: 152/152 MP: 7/22
 11869 | Elf:3    | Reached skill level 5 in Spellcasting
 11899 | Elf:3    | Noticed a deep elf blademaster
 11906 | Elf:3    | Turgon: You are very lucky to get statue form running with a troll that early
 11915 | Elf:3    | Killed a deep elf blademaster
 11978 | Elf:3    | 4thArraOfDagon: i know
 11991 | Elf:3    | Turgon: SPC aptitude -5. Trolls, ouch!
 11998 | Elf:3    | Noticed a deep elf master archer
 12012 | Elf:3    | Killed a deep elf master archer
 12018 | Elf:3    | xeno23: >troll
 12024 | Elf:3    | xeno23: >18 int
 12025 | Elf:3    | xeno23: wut
 12062 | Elf:3    | Turgon: Well, it's an intelligent troll :-)
 12139 | Elf:3    | Got a wavering platinum ring
 12141 | Elf:3    | Identified the ring of Qill {rElec rPois MP+9 SInv} (You took it off a deep elf death mage on level 3 of the Elven Halls)
 12158 | Elf:3    | Learned a level 8 spell: Controlled Blink
 12173 | Elf:3    | Turgon: I'd really check staves
 12198 | Elf:3    | Turgon: if you didn't find staff earth already
 12229 | Elf:3    | 4thArraOfDagon: i already done that
 12229 | Elf:3    | Turgon: alright :-)
 12229 | Elf:3    | 4thArraOfDagon: i mean i won't have space for the staff^
 12252 | Elf:3    | Turgon: but staff earth will boost statue form quite a lot!
 12252 | Elf:3    | Turgon: = more AC afaik
 12252 | Elf:3    | 4thArraOfDagon: few ac more?thats still rng
 12252 | Elf:3    | 4thArraOfDagon: and -1slot space
 12252 | Elf:3    | 4thArraOfDagon: i prefer extra evocable
 12483 | Orc:2    | Bought a scroll of teleportation for 42 gold pieces
 12617 | D:9      | Killed Erolcha
 12805 | Lair:6   | Turgon: You killed your free abyssal rune!
 12812 | Shoals:1 | Entered Level 1 of the Shoals
 12921 | Shoals:2 | Noticed Aizul
 13073 | Shoals:2 | Killed Aizul
 13307 | Shoals:4 | Entered Level 4 of the Shoals
 13307 | Shoals:4 | Noticed Roxanne
 13423 | Shoals:3 | Reached XP level 17. HP: 106/158 MP: 25/25
 13605 | Shoals:4 | Noticed Ilsuiw
 13619 | Shoals:3 | Killed Ilsuiw
 13688 | Shoals:4 | Identified the Compendium of Companions (You found it on level 4 of the Shoals)
 13842 | Shoals:4 | Identified a +4 rod of clouds (13/13) (You found it on level 4 of the Shoals)
 13907 | Shoals:4 | Gained mutation: You are partially covered in large bone plates (AC +2, SH +2). [potion of beneficial mutation]
 13939 | Shoals:4 | jacquesderrida: dengn
 13962 | Shoals:4 | Got a barnacled rune of Zot
 14042 | Shoals:4 | Learned a level 4 spell: Summon Lightning Spire
 14117 | Shoals:3 | Turgon: double mesm
 14117 | Shoals:3 | Turgon: !
 14117 | Shoals:3 | 4thArraOfDagon: such awkward mesmerism
 14120 | Shoals:3 | Turgon: that's unfair
 14124 | Shoals:3 | 4thArraOfDagon: i cant move
 14124 | Shoals:3 | 4thArraOfDagon: rotfl
 14124 | Shoals:3 | Turgon: lol
 14124 | Shoals:3 | Turgon: you have rocks
 14330 | Lair:6   | Found a hole to the Spider Nest.
 14339 | Spider:1 | Entered Level 1 of the Spider Nest
 14340 | Spider:1 | jacquesderrida: assblast
 14403 | Spider:3 | Turgon: In spider with all these strange corridors Ash helps a lot to go down quickly
 14426 | Spider:3 | Turgon: But you already did it as well!
 14430 | Spider:3 | Noticed Nikola
 14431 | Spider:3 | jacquesderrida: do not lie to me trorgen
 14433 | Spider:4 | Entered Level 4 of the Spider Nest
 14437 | Spider:4 | jacquesderrida: pls
 14470 | Spider:4 | Reached skill level 10 in Fighting
 14535 | Spider:4 | Turgon: Manual fighting? Wow!
 14738 | Spider:4 | Noticed Asterion
 14749 | Spider:4 | Killed Asterion
 14749 | Spider:4 | Reached XP level 18. HP: 149/179 MP: 1/27
 14780 | Spider:4 | Gained mutation: You evolve. [mutagenic meat]
 14781 | Spider:4 | Gained mutation: Your magical capacity is low (-10% MP). [mutagenic meat]
 14782 | Spider:4 | Gained mutation: Scrolls take you a little longer to read. [mutagenic meat]
 14785 | Spider:4 | Gained mutation: Your spells are a little harder to cast, but a little more powerful. [mutagenic meat]
 14786 | Spider:4 | Lost mutation: You have a pair of small horns on your head. [potion of cure mutation]
 14786 | Spider:4 | Lost mutation: You evolve. [potion of cure mutation]
 14786 | Spider:4 | Lost mutation: Your spells are a little harder to cast, but a little more powerful. [potion of cure mutation]
 14786 | Spider:4 | Lost mutation: You occasionally shout uncontrollably at your foes. [potion of cure mutation]
 14786 | Spider:4 | Lost mutation: Your magical capacity is low (-10% MP). [potion of cure mutation]
 14787 | Spider:4 | Lost mutation: Scrolls take you a little longer to read. [potion of cure mutation]
 14787 | Spider:4 | Lost mutation: You are partially covered in large bone plates (AC +2, SH +2). [potion of cure mutation]
 14824 | Spider:4 | Noticed Agnes
 14831 | Spider:4 | Killed Agnes
 15184 | Spider:4 | jacquesderrida: dane mane!
 15351 | Spider:4 | Got a gossamer rune of Zot
 15479 | Spider:4 | Killed Nikola
 15821 | Lair:8   | jacquesderrida: deng meng
 15823 | Slime:1  | Entered Level 1 of the Pits of Slime
 15827 | Slime:1  | jacquesderrida: it tiem
 15830 | Lair:8   | 4thArraOfDagon: whadap brah
 15853 | Slime:1  | jacquesderrida: it tiem to asid
 15907 | Slime:2  | Noticed Dissolution
 15927 | Slime:1  | Gained mutation: You tend to lose your temper in combat. [a shining eye]
 15931 | Slime:1  | jacquesderrida: FEER
 15951 | Slime:1  | Turgon: Slime that early, as usual *shiver*
 15989 | Slime:1  | jacquesderrida: That's right, little targos
 16020 | Slime:2  | Paralysed by a giant eyeball for 3 turns
 16032 | Slime:1  | Killed Dissolution
 16093 | Slime:2  | Reached skill level 14 in Unarmed Combat
 16122 | Slime:3  | Reached XP level 19. HP: 198/198 MP: 28/28
 16182 | Slime:4  | jacquesderrida: D E N G
 16199 | Slime:3  | Gained mutation: Your magical capacity is low (-10% MP). [a shining eye]
 16200 | Slime:3  | Gained mutation: You are frail (-10% HP). [a shining eye]
 16200 | Slime:3  | Gained mutation: You often lose your temper in combat. [a shining eye]
 16213 | Slime:3  | Lost mutation: You often lose your temper in combat. [potion of cure mutation]
 16213 | Slime:3  | Lost mutation: You tend to lose your temper in combat. [potion of cure mutation]
 16213 | Slime:3  | Lost mutation: You are frail (-10% HP). [potion of cure mutation]
 16213 | Slime:3  | Lost mutation: Your magical capacity is low (-10% MP). [potion of cure mutation]
 16341 | Slime:5  | Reached skill level 1 in Evocations
 16397 | Slime:6  | Entered Level 6 of the Pits of Slime
 16540 | Slime:5  | Gained mutation: You are dopey. (Int -2) [a shining eye]
 16617 | Slime:6  | Found a viscous altar of Jiyva.
 16619 | Slime:6  | Noticed the Royal Jelly
 16646 | Slime:6  | Killed the Royal Jelly
 16655 | Slime:6  | jacquesderrida: daaaaaaaaaaaaaaane
 16674 | Slime:6  | Learned a level 2 spell: Blink
 16677 | Slime:6  | Learned a level 2 spell: Repel Missiles
 16689 | Slime:6  | Identified a +5 rod of inaccuracy (14/14) (You found it on level 6 of the Pits of Slime)
 16705 | Slime:6  | Got a polished cloak
 16706 | Slime:6  | Identified the +0 cloak "Vauj Ryrphe" {rF- MR+ Str+6 SInv} (You found it on level 6 of the Pits of Slime)
 16709 | Slime:6  | Got a slimy rune of Zot
 16713 | Slime:6  | Got a heavily runed golden ring
 16724 | Slime:6  | Identified the ring "Gyesug" {Dex+4 Slay+5} (You found it on level 6 of the Pits of Slime)
 16738 | Slime:6  | jacquesderrida: wowza
 16744 | Slime:6  | jacquesderrida: A kool
 17097 | D:10     | 4thArraOfDagon: d:11
 17097 | D:10     | 4thArraOfDagon: sounds scarry
 17097 | D:10     | 4thArraOfDagon: :(
 17097 | D:10     | jacquesderrida: d:11"
 17101 | D:10     | jacquesderrida: monstar dee
 17152 | D:10     | Found Fiuc Hot's Antique Armour Shoppe.
 17221 | D:11     | Found Zesirpho's Assorted Antiques.
 17227 | D:11     | Bought a scroll of teleportation for 75 gold pieces
 17227 | D:11     | Bought a potion of might for 100 gold pieces
 17227 | D:11     | Bought a scroll of recharging for 237 gold pieces
 17227 | D:11     | Gained mutation: You are occasionally teleported next to monsters. [potion of mutation]
 17227 | D:11     | Gained mutation: You are very dopey. (Int -4) [potion of mutation]
 17227 | D:11     | Gained mutation: Your magical capacity is low (-10% MP). [potion of mutation]
 17229 | D:11     | Lost mutation: Your magical capacity is low (-10% MP). [potion of cure mutation]
 17229 | D:11     | Lost mutation: You are occasionally teleported next to monsters. [potion of cure mutation]
 17229 | D:11     | Lost mutation: You are very dopey. (Int -4) [potion of cure mutation]
 17229 | D:11     | Lost mutation: You are dopey. (Int -2) [potion of cure mutation]
 17474 | D:12     | Noticed Nessos
 17509 | D:12     | Killed Nessos
 17512 | D:12     | ty
 17549 | D:12     | meh
 17583 | D:12     | Gained mutation: Your mind is acute. (Int +2) [potion of mutation]
 17583 | D:12     | Gained mutation: You have a pair of small horns on your head. [potion of mutation]
 17583 | D:12     | Gained mutation: You occasionally shout uncontrollably at your foes. [potion of mutation]
 17633 | D:13     | Reached skill level 1 in Translocations
 17658 | D:13     | Reached skill level 5 in Evocations
 17725 | D:13     | Found a gate to the Vaults.
 17736 | Vaults:1 | Entered Level 1 of the Vaults
 17903 | Vaults:1 | Got a slimy cloak
 17914 | Vaults:1 | Identified the +1 cloak "Wyotwen" {Dex+4} (You acquired it on level 1 of the Vaults)
 18061 | Vaults:2 | Found a staircase to the Crypt.
 18061 | Vaults:2 | Found a basalt altar of Yredelemnul.
 18062 | Vaults:2 | Found an ancient bone altar of Kikubaaqudgha.
 18068 | Crypt:1  | Entered Level 1 of the Crypt
 18095 | Crypt:1  | 4thArraOfDagon: uummmmmm
 18296 | Crypt:3  | Entered Level 3 of the Crypt
 18361 | Crypt:3  | Found a staircase to the Tomb.
 18388 | Tomb:1   | Entered Level 1 of the Tomb of the Ancients
 18472 | Tomb:1   | Reached XP level 20. HP: 208/208 MP: 24/29
 18500 | Tomb:1   | Noticed a greater mummy
 18640 | Tomb:1   | Killed a greater mummy
 18686 | Tomb:1   | Noticed a greater mummy
 18689 | Tomb:1   | Noticed a greater mummy
 18696 | Tomb:1   | Killed a greater mummy
 18705 | Tomb:1   | HP: 13/270 [greater mummy/divine providence (7)]
 18705 | Tomb:1   | HP: 5/270 [emperor scorpion[a greater mummy] (8)]
 18706 | Tomb:1   | zzxc: this doesnt look like fun
 18708 | Tomb:1   | Ultraviolent4: sure it does :D
 18708 | Tomb:1   | jacquesderrida: no u
 18712 | Tomb:1   | Killed a greater mummy
 18830 | Tomb:1   | Reached skill level 15 in Shields
 18885 | Tomb:2   | Noticed a greater mummy
 18886 | Tomb:2   | Reached skill level 10 in Invocations
 18893 | Tomb:2   | Noticed a greater mummy
 18894 | Tomb:2   | Noticed a greater mummy
 18902 | Tomb:2   | Noticed Frederick
 18902 | Tomb:2   | Killed a greater mummy
 18920 | Tomb:2   | Noticed a greater mummy
 18954 | Tomb:2   | Killed Frederick
 19010 | Tomb:2   | Noticed Mara
 19010 | Tomb:2   | :O
 19023 | Tomb:2   | 4thArraOfDagon: this is awkward
 19023 | Tomb:2   | 4thArraOfDagon: !
 19024 | Tomb:2   | Noticed 4thArraOfDagon's illusion
 19026 | Tomb:2   | Killed Mara
 19094 | Tomb:3   | Entered Level 3 of the Tomb of the Ancients
 19161 | Tomb:3   | Noticed Mennas
 19219 | Tomb:3   | Noticed a greater mummy
 19222 | Tomb:3   | Noticed an ancient lich
 19222 | Tomb:3   | Noticed a greater mummy
 19228 | Tomb:2   | Killed Mennas
 19261 | Tomb:2   | Killed a greater mummy
 19276 | Tomb:2   | Reached XP level 21. HP: 126/215 MP: 30/30
 19287 | Tomb:2   | jacquesderrida: eggsplode mans
 19318 | Tomb:3   | Noticed a greater mummy
 19318 | Tomb:3   | Noticed a greater mummy
 19318 | Tomb:3   | Noticed an ancient lich
 19322 | Tomb:2   | Killed an ancient lich
 19342 | Tomb:2   | 4thArraOfDagon: im trying my best bruh
 19342 | Tomb:2   | 4thArraOfDagon: they want me ded
 19378 | Tomb:3   | Ultraviolent4: theyre not your real mothers
 19386 | Tomb:2   | Killed a greater mummy
 19394 | Tomb:2   | jacquesderrida: wattttttttt
 19412 | Tomb:3   | Noticed a greater mummy
 19412 | Tomb:3   | Noticed an ancient lich
 19416 | Tomb:3   | Killed an ancient lich
 19418 | Tomb:3   | Killed a greater mummy
 19419 | Tomb:3   | Noticed a greater mummy
 19423 | Tomb:2   | Killed an ancient lich
 19423 | Tomb:2   | Reached skill level 15 in Unarmed Combat
 19424 | Tomb:2   | Killed a greater mummy
 19431 | Tomb:2   | 4thArraOfDagon: :((((((
 19447 | Tomb:2   | 4thArraOfDagon: they are
 19447 | Tomb:2   | 4thArraOfDagon: parallel monsters
 19475 | Tomb:2   | 4thArraOfDagon: https://www.youtube.com/watch?v=Enr_l3lri7o
 19499 | Tomb:2   | Killed a greater mummy
 19560 | Tomb:3   | Killed a greater mummy
 19623 | Tomb:3   | Got a dull robe
 19634 | Tomb:3   | Identified the +1 robe "Nyrih" {rN++ Int-2} (You found it on level 3 of the Tomb of the Ancients)
 19654 | Tomb:3   | Got a bound bronze ring
 19656 | Tomb:3   | Identified the ring "Biz Kust" {rElec rF+ Str+2 Stlth+} (You found it on level 3 of the Tomb of the Ancients)
 19663 | Tomb:3   | Learned a level 1 spell: Apportation
 19663 | Tomb:3   | got it
 19735 | Tomb:3   | Reached skill level 1 in Conjurations
 19754 | Tomb:3   | Identified the Reference Book on Feathery Poisoning (You found it on level 3 of the Tomb of the Ancients)
 19782 | Tomb:3   | Got a golden rune of Zot
 19834 | Tomb:1   | Noticed a greater mummy
 19834 | Tomb:1   | Noticed a greater mummy
 19834 | Tomb:1   | Noticed a greater mummy
 20137 | Vaults:2 | Reached skill level 5 in Conjurations
 20224 | Vaults:3 | Found Utoy's Weapon Shoppe.
 20463 | Vaults:3 | Reached XP level 22. HP: 224/224 MP: 31/31
 20528 | Vaults:3 | You fall through a shaft!
 20529 | Vaults:4 | 4thArraOfDagon: CARAVAN
 20627 | Vaults:4 | Found a flickering gateway to a bazaar.
 20633 | Bazaar   | Entered a bazaar
 20633 | Bazaar   | Found Nievuehe's Gadget Shoppe.
 20633 | Bazaar   | Found Yxyr's Antique Armour Emporium.
 20637 | Bazaar   | Found Failiv's General Store.
 20648 | Bazaar   | Found Uschuureohacw's Armour Shoppe.
 20659 | Bazaar   | OP
 20670 | Bazaar   | Bought a potion of haste for 110 gold pieces
 20670 | Bazaar   | Bought a potion of beneficial mutation for 385 gold pieces
 20670 | Bazaar   | Bought 8 bolts of frost for 44 gold pieces
 20672 | Bazaar   | Gained mutation: You are agile. (Dex +2) [potion of beneficial mutation]
 20696 | Vaults:4 | Reached skill level 10 in Conjurations
 20708 | Vaults:5 | Entered Level 5 of the Vaults
 20745 | Vaults:5 | Noticed a golden dragon
 20856 | Vaults:4 | Killed a golden dragon
 20932 | Vaults:4 | Reached skill level 15 in Fighting
 20936 | Vaults:5 | Paralysed by an ogre mage for 5 turns
 21004 | Zig:1    | Entered Level 1 of a ziggurat
 21023 | Zig:2    | Entered Level 2 of a ziggurat
 21053 | Zig:3    | Entered Level 3 of a ziggurat
 21065 | Zig:3    | Reached skill level 16 in Unarmed Combat
 21089 | Zig:4    | Entered Level 4 of a ziggurat
 21113 | Zig:5    | Entered Level 5 of a ziggurat
 21149 | Zig:6    | Entered Level 6 of a ziggurat
 21186 | Zig:7    | Entered Level 7 of a ziggurat
 21259 | Zig:7    | Reached XP level 23. HP: 235/235 MP: 30/32
 21261 | Zig:8    | Entered Level 8 of a ziggurat
 21285 | Zig:8    | Paralysed by accursed screaming for 1 turns
 21291 | Zig:8    | Paralysed by accursed screaming for 2 turns
 21403 | Vaults:5 | Found Zeim's Book Emporium.
 21439 | Vaults:5 | Noticed an ancient lich
 21446 | Vaults:5 | Killed an ancient lich
 21447 | Vaults:5 | Reached skill level 10 in Dodging
 21463 | Vaults:5 | Reached XP level 24. HP: 245/245 MP: 22/32
 21697 | Vaults:5 | Got a coiled pewter ring
 21699 | Vaults:5 | Identified the ring "Zibacix" {rCorr Str+2} (You took it off a frost giant on level 5 of the Vaults)
 21775 | Vaults:5 | Got a heavily runed bronze ring
 21777 | Vaults:5 | Identified the ring "Deapris" {Wiz *Corrode +Inv Dex-3 Slay+6} (You found it on level 5 of the Vaults)
 21778 | Vaults:5 | mmm
 21833 | Vaults:5 | Reached skill level 17 in Unarmed Combat
 21918 | Vaults:5 | Got a silver rune of Zot
 21924 | Vaults:5 | Learned a level 4 spell: Passage of Golubria
 22236 | D:13     | You fall through a shaft for 2 floors!
 22236 | D:15     | Entered Level 15 of the Dungeon
 22295 | D:15     | Noticed Kirke
 22299 | D:15     | Killed Kirke
 22374 | D:15     | Cast into level 2 of the Abyss (a wizard)
 22375 | Abyss:2  | THX!
 22548 | Abyss:2  | Got a crude silver ring
 22549 | Abyss:2  | Identified the ring of the Commoners {SustAt Fragile Int+9} (You found it on level 2 of the Abyss)
 22608 | Abyss:3  | Found a corrupted altar of Lugonu.
 22675 | Abyss:4  | Found a corrupted altar of Lugonu.
 22828 | Abyss:4  | Reached skill level 5 in Translocations
 23007 | Abyss:4  | Gained mutation: Scrolls take you a little longer to read. [a neqoxec]
 23061 | Abyss:4  | Reached XP level 25. HP: 256/256 MP: 28/32
 23211 | Abyss:5  | Entered Level 5 of the Abyss
 23234 | Abyss:5  | Found a shimmering altar of Xom.
 23234 | Abyss:5  | Found a shimmering altar of Xom.
 23234 | Abyss:5  | Found a shimmering altar of Xom.
 23234 | Abyss:5  | Found a shimmering altar of Xom.
 23235 | Abyss:5  | Found a corrupted altar of Lugonu.
 23235 | Abyss:5  | Found a shimmering altar of Xom.
 23236 | Abyss:5  | Found a shimmering altar of Xom.
 23237 | Abyss:5  | Found a shimmering altar of Xom.
 23237 | Abyss:5  | Found a shimmering altar of Xom.
 23238 | Abyss:5  | Found a shimmering altar of Xom.
 23238 | Abyss:5  | Found a shimmering altar of Xom.
 23238 | Abyss:5  | Found a shimmering altar of Xom.
 23238 | Abyss:5  | Found a shimmering altar of Xom.
 23412 | Abyss:5  | Paralysed by accursed screaming for 1 turns
 23782 | Abyss:5  | Reached skill level 18 in Unarmed Combat
 23914 | Abyss:5  | Paralysed by accursed screaming for 1 turns
 23923 | Abyss:5  | Paralysed by a great orb of eyes for 4 turns
 24003 | Abyss:5  | Gained mutation: Armour fits poorly on your strangely shaped body. [a neqoxec]
 24275 | Abyss:5  | Reached XP level 26. HP: 253/269 MP: 33/33
 24282 | Abyss:5  | Paralysed by a giant eyeball for 2 turns
 24286 | Abyss:5  | Got an abyssal rune of Zot
 24314 | Abyss:5  | Reached skill level 15 in Invocations
 24455 | D:15     | Escaped the Abyss
 24475 | D:15     | Found a staircase to the Depths.
 24480 | Depths:1 | Entered Level 1 of the Depths
 24716 | Depths:3 | Found a one-way gate leading to the halls of Pandemonium.
 24728 | Pan      | Entered Pandemonium
 24816 | Pan      | Noticed Obeofyle the pandemonium lord
 24822 | Pan      | Killed Obeofyle the pandemonium lord
 24839 | Pan      | Noticed Puowewok the pandemonium lord
 24839 | Pan      | Reached skill level 10 in Translocations
 24851 | Pan      | Killed Puowewok the pandemonium lord
 24911 | Pan      | Entered the realm of Gloorx Vloq.
 25067 | Pan      | Noticed Gloorx Vloq
 25076 | Pan      | Killed Gloorx Vloq
 25106 | Pan      | Got a dark rune of Zot
 25329 | Pan      | Reached skill level 19 in Unarmed Combat
 25387 | Pan      | Reached XP level 27. HP: 279/279 MP: 33/33
 25774 | Pan      | Entered the realm of Cerebov.
 25774 | Pan      | Noticed Cerebov
 25777 | Pan      | Gorice: bummer!
 25779 | Pan      | Got a fiery rune of Zot
 25779 | Pan      | HP: 3/279 [Brimstone Fiend/blast of hellfire (40)]
 25780 | Pan      | 4thArraOfDagon: no rf:()
 25780 | Pan      | Gorice: uh oh!
 25780 | Pan      | 4thArraOfDagon: that wasn't my fault well
 25780 | Pan      | The Shining One protects you from harm!
 25781 | Pan      | Mangled by a Brimstone Fiend

Vault maps used:
D:1:      mrwooster_arrival_statue_2, minmay_close_crescents
D:2:      bloody_trog, grunt_pakellas_basics
D:4:      kennysheep_six_static_rooms, first_bread, serial_shops, shop,
          nicolae_ossuary_entry_giza, grunt_gozag_statues
D:5:      tso_metal_star
D:6:      xom_teletrap_fun, grunt_temple_overflow_open, serial_shops,
          nicolae_shop_trees
D:7:      marbit_many_paths, old_standard_altar, minmay_temple_entry_overgrown,
          uniq_joseph, uniq_pikel
D:8:      slow_altar_2, serial_shops, shop, hangedman_ranch, lemuel_angel_altar
D:9:      orc_0_dummy, serial_corexii_hall, corexii_hall_statues_l,
          corexii_hall_statues_x, disabler_island, uniq_prince_ribbit1,
          uniq_erolcha
D:10:     wad_statue_garden, grunt_lair_entry_orc_guard_hut, serial_shops, shop,
          minivault_25
D:11:     serial_shops, nicolae_shop_trees, kennysheep_nondescript
D:12:     nemelex_diamond_rough_becter, uniq_maurice, uniq_nessos, uniq_harold
D:13:     cross_vault, david_vaults_2
D:15:     grunt_enter_depths_magical_seal, serial_shops,
          nicolae_shop_window_shopping, minivault_11, uniq_kirke
Lair:1:   serial_bayou_shore_a, infiniplex_staircase_pool_2
Lair:2:   grunt_megastairs_3
Lair:3:   statuecave_lemuel, portal_ice_cave_entry_pillars_02
Lair:5:   lab_entry_generic, serial_bayou_crossing, lemuel_fruit_tree
Lair:6:   minmay_shoals_entry_lonely_mermaid, spider_nest_entry_web_field,
          nicolae_volcano_entry_batcave, minmay_holes, roderic_batcave
Lair:7:   gammafunk_lair_enchanted_lake, grunt_megastairs_2
Lair:8:   minmay_lair_end_enchanted_forest, dpeg_slime_entry_corner,
          serial_bayou_pond_b
Shoals:1: serial_shops, nicolae_shop_crystal
Shoals:2: uniq_aizul
Shoals:3: hangedman_shoal_volcano
Shoals:4: shoals_end_simple, shoals_ilsuiw_ice, uniq_roxanne
Spider:1: uniq_rupert
Spider:2: nicolae_spider_webbed_stairs, uniq_louise
Spider:3: spider_trap, hangedman_spider_tarantella_strand, uniq_nikola
Spider:4: spider_rune_water, zaba_anthell, uniq_asterion, uniq_agnes
Slime:2:  nicolae_slime_round_cave, uniq_dissolution
Orc:1:    mines1_david, uniq_josephine, uniq_maud
Orc:2:    st_orc_elflike, rock_pile, uniq_sonja
Elf:1:    eino_elf_arrival_customs, serial_shops, nicolae_shop_crystal,
          evilmike_minifort
Elf:2:    serial_shops, bzr_entry_gold
Elf:3:    minmay_elf_hall_spiked, hangedman_feature_mirror, spider_trap,
          uniq_norris
Vaults:1: ontoclasm_vaults_hangar, nicolae_vaults_diagonal_hallway_6,
          hangedman_vaults_slither, ontoclasm_vaults_shout,
          nicolae_vaults_ninety_degrees, ontoclasm_vaults_fault,
          grunt_vaults_bifocal, v_pattern_1, hangedman_vaults_trim,
          v_alt_pattern_6, v_misc_18, grunt_vaults_hallway_long,
          nicolae_vaults_hallways_thing, ontoclasm_vaults_gateway, serial_shops,
          shop
Vaults:2: vaults_room_boxed, v_misc_2, vaults_standard_mumra_lines,
          minmay_crypt_entry_necro_gods, v_misc_29, vaults_standard_mumra_x,
          v_pattern_2, nicolae_vaults_shelves_hall, nicolae_vaults_rhombus_6,
          nicolae_vaults_display_case, serial_shops, nicolae_shop_crystal
Vaults:3: hangedman_vaults_impose, vaults_mumra_chevron_long, v_misc_12,
          nicolae_vaults_three_branches, nicolae_vaults_little_squares_6,
          ontoclasm_vaults_loading_screen, nicolae_vaults_alarming,
          nicolae_vaults_stairing_the_circle, nicolae_vaults_ring_of_whatevers,
          nicolae_vaults_ring_of_whatevers, serial_shops, shop
Vaults:4: hangedman_vaults_stream, vaults_dpeg_diagonal,
          hangedman_vaults_stagger, v_pattern_4, hangedman_vaults_trim,
          vaults_mumra_hexcomb, nicolae_vaults_angled_halls,
          nicolae_vaults_rhombus_6, vaults_room_pools,
          serial_hangedman_research, hangedman_research_thanatology,
          hangedman_research_pyrotechnics, hangedman_research_geology,
          serial_shops, bzr_entry_safe, uniq_jory
Crypt:1:  grunt_ministairs_1, grunt_crypt_arrival_webbed, uniq_khufu,
          uniq_margery
Crypt:2:  stair_cage_open
Crypt:3:  lightli_unholy_cathedral, tomb_entry_simple_bobbens,
          grunt_ministairs_4, minmay_misc_feat_hallway
Tomb:2:   uniq_mara, uniq_frederick
Tomb:3:   uniq_mennas
Depths:1: kennysheep_cluttered_fort, serial_shops, kennysheep_mini_moat,
          nicolae_twisting_strands, grunt_hell_entry_dis_mu,
          lightli_gold_pyramid
Depths:2: hangedman_six_sided_sadism, enter_ziggurat_d, minmay_misc_feat_rows,
          hell_entry, grunt_ministairs_10, uniq_jorgrun
Depths:3: minmay_three_patterns, hell_entry, rand_demon_pan_entry_9,
          minmay_misc_feat_nine_boxes
Abyss:3:  evilmike_abyss_rune_acolytes_2
Abyss:4:  grunt_abyss_rune_the_horror
Abyss:5:  hangedman_abyss_or_decor_clamps, bh_abyss_xom_lugonu_altar,
          lemuel_flamethrower_3, nicolae_abyss_rune_left_handed
Pan:      grunt_pan_pentagram, evilmike_mini_pan_corridor, rand_demon_4,
          pan_blood_fountain_small, rand_demon_4, pan_blood_fountain,
          gloorx_vloq_st, evilmike_holy_pan, evilmike_mini_pan_branches,
          evilmike_mini_pan_doors, pan_blood_fountain,
          nicolae_pan_gloorx_vloqian_1, evilmike_mini_pan_doors,
          grunt_pan_sceptre, evilmike_mini_pan_3x3, grunt_pan_sceptre,
          rand_demon_2, nicolae_pan_mnolegish_2, cerebov
Lab:      labyrinth_watery, nicolae_lab_dead_end, labyrinth_lava_lair,
          nicolae_lab_quarters, nicolae_lab_diamond, lab_hedge, lab_fountain,
          nicolae_lab_stuck
Bazaar:   bazaar_jpeg_circle_common, bazaar_minmay_row
Ossuary:  ossuary_zaba_flooded
IceCv:    ice_cave_small_dragons
Volcano:  volcano_overflow

Skill      XL: |  1  2  3  4  5  6  7  8  9 10 11 12 13 14 15 16 17 18 19 20 21 22 23 24 25 26 27 |
---------------+----------------------------------------------------------------------------------+-----
Armour         | 1 2 3 4 5 6 7 |  7.7
Unarmed Combat | 3 4 5 7 8 9 11 12 13 14 15 16 17 18 19 | 19.1
Dodging        | 3 4 5 6 9 10 12 13 14 | 14.2
Invocations    | 1 2 3 4 5 6 7 8 13 14 15 16 | 16.1
Shields        | 3 4 5 6 7 8 9 10 11 13 14 15 | 15.0
Fighting       | 3 4 5 6 7 8 11 14 15 16 17 | 17.6
Earth Magic    | 4 8 10 11 | 11.4
Spellcasting   | 2 3 4 6 7 |  7.1
Transmutations | 4 6 8 9 |  9.9
Evocations     | 6 7 |  7.1
Translocations | 4 5 9 11 | 11.6
Conjurations   | 8 10 | 10.0

Action                   |  1- 3 |  4- 6 |  7- 9 | 10-12 | 13-15 | 16-18 | 19-21 | 22-24 | 25-27 || total
-------------------------+-------+-------+-------+-------+-------+-------+-------+-------+-------++-------
Melee: Unarmed           |    47 |    76 |   291 |   696 |   982 |   995 |   796 |   629 |   859 ||  5371
       Falchion          |       |       |     4 |       |       |       |       |       |       ||     4
Throw: Large rock        |       |       |       |     2 |     4 |    47 |     5 |     2 |       ||    60
 Cast: Statue Form       |       |       |       |       |     5 |    58 |    50 |    36 |    46 ||   195
       Repel Missiles    |       |       |       |       |       |       |     1 |       |       ||     1
       Apportation       |       |       |       |       |       |       |     2 |    25 |    13 ||    40
       Blink             |       |       |       |       |       |       |       |     1 |     1 ||     2
       Passage of Golubr |       |       |       |       |       |       |       |     2 |     3 ||     5
Invok: Divine Shield     |       |       |     1 |     8 |    12 |     4 |       |     2 |     2 ||    29
       Summon Divine War |       |       |       |       |     1 |       |     4 |       |       ||     5
       Cleansing Flame   |       |       |       |       |       |       |    54 |     5 |    31 ||    90
 Abil: End Transformatio |       |       |       |       |       |     1 |    13 |     3 |       ||    17
Evoke: Wand              |       |       |       |    15 |    20 |     8 |     9 |       |     9 ||    61
       Deck              |       |       |       |       |     5 |     1 |     1 |       |       ||     7
       Phial of floods   |       |       |       |       |     2 |       |       |       |       ||     2
       Rod               |       |       |       |       |       |     5 |     3 |       |       ||     8
       Phantom mirror    |       |       |       |       |       |       |     1 |       |       ||     1
       Box of beasts     |       |       |       |       |       |       |     3 |       |       ||     3
       Fan of gales      |       |       |       |       |       |       |       |     1 |       ||     1
       Figurine of a zig |       |       |       |       |       |       |       |     1 |       ||     1
  Use: Scroll            |     5 |       |     5 |    11 |    12 |    12 |    20 |    11 |     8 ||    84
       Potion            |     2 |       |       |     2 |    14 |    14 |    11 |     2 |     4 ||    49
 Stab: Distracted        |       |       |       |       |       |     1 |       |       |     1 ||     2
  Eat: Chunk             |     1 |       |    26 |    28 |    58 |    71 |    43 |    46 |    27 ||   300
       Bread ration      |       |     1 |       |       |       |       |       |       |     1 ||     2
       Fruit             |       |       |       |       |     4 |       |    25 |       |       ||    29
       Beef jerky        |       |       |       |       |     2 |     1 |     2 |       |       ||     5
       Royal jelly       |       |       |       |       |     1 |       |     1 |       |       ||     2
       Pizza             |       |       |       |       |       |     6 |     2 |       |       ||     8
       Meat ration       |       |       |       |       |       |       |     3 |       |     6 ||     9
